 Seeded DCSS version 0.29-a0-284-gf9362112df (webtiles) character file.

Game seed: 1 (custom seed)

7 cheechan the Stinger (level 2, 4/17 HPs)
             Began as an Octopode Venom Mage on Mar 30, 2022.
             Quit the game on level 1 of the Dungeon.
             The game lasted 00:00:51 (196 turns).

cheechan the Stinger (Octopode Venom Mage)           Turns: 196, Time: 00:00:51

Health: 4/17       AC:  1    Str:  7    XL:     2   Next: 4%
Magic:  5/5        EV: 13    Int: 17    God:
Gold:   0          SH:  0    Dex: 12    Spells: 4/5 levels left

rFire   . . .      SeeInvis .   e - +0 mace (venom)
rCold   . . .      Faith    .   (no shield)
rNeg    . . .      Spirit   .   (helmet restricted)
rPois   .          Reflect  .   (no amulet)
rElec   .          Harm     .   (no ring)
rCorr   .          Rampage  .   (no ring)
Will    .....                   (no ring)
Stlth   +++.......              (no ring)
HPRegen 0.05/turn               (no ring)
MPRegen 0.09/turn               (no ring)
                                (no ring)
                                (no ring)

@: no status effects
A: almost no armour, amphibious, 8 rings, camouflage 1, gelatinous body 1,
(nimble swimmer 1), tentacles
a: no special abilities


You were on level 1 of the Dungeon.
You visited 1 branch of the dungeon, and saw 1 of its levels.

Inventory:

Hand Weapons
 e - a +0 mace of venom (weapon)
Missiles
 d - 4 curare-tipped darts
Scrolls
 b - a scroll of identify {unknown}
 c - a scroll of amnesia {unknown}
Potions
 a - a potion of magic


   Skills:
 + Level 2.2 Dodging
 + Level 2.6 Stealth
 + Level 2.2 Spellcasting
 + Level 1.0 Transmutations
 + Level 3.9 Poison Magic


You had 4 spell levels left.
You knew the following spells:

 Your Spells              Type           Power      Damage    Failure   Level
a - Sting                 Tmut/Pois      40%        1d5       7%          1

Your spell library contained the following spells:

 Spells                   Type           Power      Damage    Failure   Level
 Poisonous Vapours        Pois/Air       16%        N/A       13%         2
 Mephitic Cloud           Conj/Pois/Air  6%         N/A       32%         3
 Olgreb's Toxic Radiance  Pois           15%        N/A       36%         4


Dungeon Overview and Level Annotations

Branches:
Dungeon (1/15)

Altars:

Shops:
D:1 (


Innate Abilities, Weirdness & Mutations

You cannot wear most types of armour.
You are amphibious.
You can wear up to eight rings at the same time.
Your skin changes colour to match your surroundings (Stealth+).
Your rubbery body absorbs attacks. (AC +1, EV +1)
((You are camouflaged when in or above water. (Stealth+)))
You have tentacles for arms and can constrict up to eight enemies at once.


Message History

You kill the giant cockroach!
Unknown command.
The hobgoblin shouts!
You hit the hobgoblin.
You kill the hobgoblin!
Casting: Sting (safe; 7% risk of failure)
Confirm with . or Enter, or press ? or * to list all spells.
You can't see any susceptible monsters within range! (Use Z to cast anyway.) Unknown command.
Unknown command.
Found 4 curare-tipped darts.
Found a stone staircase leading down.
You see here 4 curare-tipped darts.
d - 4 curare-tipped darts
There is a stone staircase leading down here.
A kobold comes into view. It is wielding a +0 short sword.
Found Imoppoc's Antique Weapon Shoppe.
Casting: Sting (safe; 7% risk of failure)
Confirm with . or Enter, or press ? or * to list all spells.
You can't see any susceptible monsters within range! (Use Z to cast anyway.)
The kobold shouts!
The kobold throws a stone.
The stone hits you.
The kobold hits you with a +0 short sword.
You closely miss the kobold. Your grab misses the kobold.
The kobold closely misses you.
You hit the kobold but do no damage.
The kobold is poisoned.
Your grab misses the kobold.
The kobold hits you with a +0 short sword.
* * * LOW HITPOINT WARNING * * *
You barely miss the kobold. Your grab misses the kobold.
You tentacle-slap the kobold, but do no damage.
You squeeze the kobold.
The kobold is severely wounded.
You kill the kobold!
You have reached level 2!
Things that are here:
a +0 short sword; 3 stones; a kobold corpse
There is an entrance to Imoppoc's Antique Weapon Shoppe here.
You can't repeat shop actions.
There's something in the way.
Are you sure you want to abandon this character and quit the game? (Confirm with "yes".)

..## ...# #.#
.#.## #.# .#..##
#.# .#...# #.#
.#...# #.# .....#
#.# .##..### #.#
.#.....# #@#
.....>.# #.#
##.#.#.# #)#
##.#.#.# #.#
##.#.#.# #.#
##.#.#.# #.#
.#...#.#########.#
######...........#
#############


There were no monsters in sight!

Vanquished Creatures
  2 giant cockroaches (D:1)
  A hobgoblin (D:1)
  2 kobolds (D:1)
  A ball python (D:1)
6 creatures vanquished.

Notes
Turn   | Place    | Note
-------+----------+-------------------------------------------
     0 | D:1      | cheechan the Octopode Venom Mage began the quest for the
                  | Orb.
     0 | D:1      | Reached XP level 1. HP: 11/11 MP: 3/3
   184 | D:1      | Found Imoppoc's Antique Weapon Shoppe.
   193 | D:1      | Reached XP level 2. HP: 4/17 MP: 5/5
   196 | D:1      | Quit the game

Illustrated notes

Levels and vault maps discovered:
D:1:      zelgadis_glass_arrival_small, layout_basic, serial_shops, shop

Action                   || total
-------------------------++-------
Melee: Mace              ||     5
       Short sword       ||     3
       Tentacles         ||     3
       Constrict         ||     2
       Punch             ||     1
 Cast: Sting             ||     5
Armor: Skin              ||     1
Dodge: Dodged            ||     3

Table legend: (Time is in decaauts)
 A = Elapsed time spent in this place.
 B = Non-inter-level travel time spent in this place.
 C = Inter-level travel time spent in this place.
 D = Time resting spent in this place.
 E = Time spent auto-exploring this place.
 F = Levels seen in this place.
 G = Mean time per level.
                   A        B        C        D        E       F      G
               +--------+--------+--------+--------+--------+-----+--------+
         Total |    197 |    183 |     14 |      0 |      0 |   1 |  197.0 |
       Dungeon |    197 |    183 |     14 |      0 |      0 |   1 |  197.0 |
               +--------+--------+--------+--------+--------+-----+--------+

Top non-repeatable levels by time:
     D:1: 197 daAuts
